 Dungeon Crawl Stone Soup version 0.18.1-8-gdd0e5ea (webtiles) character file.

2545 MessengerOfRage the Covert (level 9, -4/39 HPs)
             Began as a Spriggan Enchanter on June 7, 2016.
             Was a Believer of Okawaru.
             Slain by a killer bee (6 damage)
             ... on level 8 of the Dungeon.
             The game lasted 02:10:11 (11253 turns).

MessengerOfRage the Covert (Spriggan Enchanter)    Turns: 11253, Time: 02:10:12

Health: -4/39      AC:  5    Str:  4    XL:     9   Next: 30%
Magic:  10/14      EV: 24    Int: 19    God:    Okawaru [**....]
Gold:   369        SH:  7    Dex: 17    Spells: 4 memorised, 4 levels left

rFire  . . .     SeeInvis +     a - +3 dagger (venom)
rCold  . . .     Gourm    .     q - +1 robe
rNeg   . . .     Faith    .     L - +0 buckler
rPois  .         Spirit   .     l - +2 hat
rElec  .         Dismiss  .     (no cloak)
rCorr  .         Reflect  .     (gloves unavailable)
SustAt .         Harm     .     (boots unavailable)
MR     ++...                    (no amulet)
Stlth  +++++.....               B - ring of flight
                                K - ring of protection from magic

@: lethally poisoned (-4 -> -9), very slightly contaminated, drained, very
quick, very resistant to hostile enchantments, quite stealthy
A: unfitting armour, hooves 1, see invisible, blink, herbivore 3, speed 3, slow
metabolism 2, subdued magic 1
a: Blink, Heroism, Renounce Religion, Evoke Flight


You were on level 8 of the Dungeon.
You worshipped Okawaru.
Okawaru was pleased with you.
You were not hungry.

You visited 2 branches of the dungeon, and saw 9 of its levels.

You collected 369 gold pieces.

Inventory:

Hand Weapons
 a - a +3 dagger of venom (weapon)
 b - a +1 rapier of venom
 t - a +0 falchion
 v - a +0 hunting sling
 z - a +0 quarterstaff
 F - a +1 scimitar of draining
 M - a +0 dagger
 P - a +0 shortbow
 Q - a +0 shortbow
Missiles
 f - 123 arrows
 k - 342 stones (quivered)
 p - 6 needles of confusion
 C - 21 poisoned needles
 G - 66 sling bullets
Armour
 g - a +0 robe
 l - a +2 hat (worn)
 q - a +1 robe (worn)
 w - a +0 robe
 E - a +0 robe
 L - a +0 buckler (worn)
 O - a +0 robe
Jewellery
 B - a ring of flight (right hand)
 D - a cursed ring of loudness
 K - a ring of protection from magic (left hand)
Wands
 r - a wand of slowing (29/48)
Scrolls
 e - a scroll of fear
 h - a scroll of silence {unknown}
 i - 3 scrolls of identify
 m - 2 scrolls of recharging
 n - 2 scrolls of teleportation
 o - a scroll of noise {unknown}
 u - 11 scrolls of remove curse
 y - a scroll of enchant armour {unknown}
 H - 2 scrolls of amnesia
 I - a scroll of immolation {unknown}
 N - a scroll of blinking {unknown}
Potions
 j - a potion of might
 s - 2 potions of flight
 x - 2 potions of lignification
 A - a potion of agility
 J - a potion of magic
 U - a potion of ambrosia {unknown}
 V - a potion of cure mutation {unknown}
 W - a potion of mutation
Books
 c - a book of Maledictions

   Spells                             Type                      Level
   a - Corona                         Hexes                        1
   b - Ensorcelled Hibernation        Hexes/Ice                    2
   c - Confuse                        Hexes                        3
   d - Tukima's Dance                 Hexes                        3
   e - Dazzling Spray                 Conjuration/Hexes            3
Comestibles
 d - 2 bread rations


   Skills:
 * Level 7.3(7.2) Short Blades
 + Level 9.2(9.1) Dodging
 + Level 11.6(11.5) Stealth
 * Level 3.0 Shields
 - Level 2.6 Spellcasting
 + Level 5.0 Hexes
 - Level 0.2 Ice Magic


You had 4 spell levels left.
You knew the following spells:

 Your Spells              Type           Power        Failure   Level  Hunger
a - Corona                Hex            ###....      1%          1    None
b - Ensorcelled Hibernat  Hex/Ice        #.....       10%         2    ##.....
c - Confuse               Hex            ###.....     8%          3    ###....
d - Dazzling Spray        Conj/Hex       #.......     21%         3    ###....


Dungeon Overview and Level Annotations

Branches:
Dungeon (8/15)             Temple (1/1) D:6
   Lair: D:8-11

Altars:
Ashenzari
Cheibriados
Dithmenos
Elyvilon
Fedhas
Gozag
Makhleb
Nemelex Xobeh
Okawaru
Pakellas
Qazlal
Ru
Sif Muna
Trog
Vehumet
Xom
Yredelemnul
Zin
The Shining One

Annotations:
D:8 Maurice


Innate Abilities, Weirdness & Mutations

You are tiny and cannot use many weapons and most armour.
You have supernaturally acute eyesight.
You are a herbivore.
You cover ground extremely quickly.
You need consume almost no food.
You have large cloven feet.
You can translocate small distances at will.
Your spells are a little easier to cast, but a little less powerful.


Message History

The killer bee is lightly wounded.
The killer bee completely misses you. The killer bee misses you.
The killer bee completely misses you.
You hear an angry buzzing noise.
You block the killer bee's attack.
You hear an angry buzzing noise. x2
The killer bee stings you but does no damage.
You hear an angry buzzing noise.
You block the killer bee's attack.
The killer bee rages.
The killer bee stings you!
You are poisoned.
The killer bee poisons you!
You feel sick.
The killer bee rages.
The killer bee stings you!
* * * LOW HITPOINT WARNING * * *
* * * LOW HITPOINT WARNING * * *
You feel sick. The killer bee stings you.
You die...

### ### ###
#.######### #.#
.... #.........#
#.###....
#..######.# #..
..... ##..# ##.##
#.#...... ....#
#...#######.#......
....#
#.......@y.........
#####
#...#######.#.....
....# ###########.#
### #..D.( .....#.#
... ....#.# .
##...#@# #y..@#.#
#%##..#.# #y#
#..#.#


You could see a killer bee (berserk).

Vanquished Creatures
  Eustachio (D:5)
  The ghost of Venard the Chopper, an amateur MiGl of Okawaru (D:3)
  2 hippogriffs
  An orc warrior (D:8)
  2 phantoms
  2 centaurs (D:8)
  3 ogres
  2 giant frogs (D:7)
  A wyvern zombie (D:7)
  4 scorpions
  2 killer bees (D:8)
  3 wights
  A howler monkey (D:6)
  A crimson imp (D:5)
  A quasit (D:8)
  2 hounds
  2 jellies
  2 orc wizards
  A giant frog skeleton (D:5)
  A gnoll shaman (D:6)
  An iguana (D:8)
  Ijyb (D:2)
  A worker ant (D:4)
  Robin (D:1)
  7 gnolls
  6 adders
  4 shadow imps
  An ooze (D:3)
  An adder zombie (D:7)
  2 adder skeletons
  2 worms
  7 dart slugs
  7 giant geckos
  21 orcs
  A ball python (D:3)
  5 bats
  7 giant cockroaches
  9 hobgoblins
  17 jackals
  3 quokkas (D:5)
  A giant gecko skeleton (D:8)
  3 giant newts
  21 goblins
  A kobold (D:1)
  5 rats (D:1)
170 creatures vanquished.

Notes
Turn   | Place    | Note
--------------------------------------------------------------
     0 | D:1      | MessengerOfRage the Spriggan Enchanter began the quest for the Orb.
     0 | D:1      | Reached XP level 1. HP: 9/9 MP: 5/5
   120 | D:1      | Reached XP level 2. HP: 13/13 MP: 6/6
   307 | D:1      | Learned a level 2 spell: Ensorcelled Hibernation
   398 | D:1      | Reached skill level 5 in Stealth
  1010 | D:1      | Reached XP level 3. HP: 16/16 MP: 8/8
  1032 | D:1      | Learned a level 3 spell: Confuse
  1058 | D:2      | Found a bloodstained altar of Trog.
  1205 | D:2      | Noticed Ijyb
  1205 | D:2      | Noticed Robin
  1228 | D:2      | Killed Ijyb
  1228 | D:2      | Reached XP level 4. HP: 15/21 MP: 3/9
  1829 | D:1      | Reached skill level 5 in Dodging
  2116 | D:1      | Killed Robin
  2710 | D:3      | Noticed Venard's ghost (amateur MiGl)
  3205 | D:3      | Reached skill level 6 in Stealth
  3245 | D:2      | Reached XP level 5. HP: 23/24 MP: 7/10
  4606 | D:3      | Killed Venard's ghost
  4606 | D:3      | Reached XP level 6. HP: 28/28 MP: 5/11
  4701 | D:4      | Found a sparkling altar of Nemelex Xobeh.
  4746 | D:4      | Learned a level 3 spell: Dazzling Spray
  4875 | D:4      | Reached skill level 5 in Short Blades
  5057 | D:4      | Reached skill level 7 in Stealth
  5397 | D:4      | Found a snail-covered altar of Cheibriados.
  5397 | D:4      | Found an iron altar of Okawaru.
  5400 | D:4      | Became a worshipper of Warmaster Okawaru
  5770 | D:5      | Entered Level 5 of the Dungeon
  5770 | D:5      | Noticed Eustachio
  5772 | D:5      | Killed Eustachio
  5772 | D:5      | Reached skill level 8 in Stealth
  5772 | D:5      | Reached skill level 1 in Shields
  5772 | D:5      | Reached XP level 7. HP: 32/32 MP: 12/12
  6806 | D:5      | Reached skill level 9 in Stealth
  7001 | D:5      | Found a sparkling altar of Nemelex Xobeh.
  7013 | D:5      | Reached * piety under Okawaru
  7013 | D:5      | Reached XP level 8. HP: 30/36 MP: 13/13
  8331 | D:5      | Learned a level 1 spell: Corona
  8331 | D:5      | Gained mutation: You have large cloven feet. [potion of mutation]
  8331 | D:5      | Gained mutation: Your spells are a little easier to cast, but a little less powerful. [potion of mutation]
  8331 | D:5      | Gained mutation: You can translocate small distances at will. [potion of mutation]
  8485 | D:6      | Found a bloodstained altar of Trog.
  8492 | D:6      | Found a white marble altar of Elyvilon.
  8496 | D:6      | Found a shadowy altar of Dithmenos.
  8799 | D:6      | Reached skill level 10 in Stealth
  9226 | D:6      | Found a staircase to the Ecumenical Temple.
  9232 | Temple   | Entered the Ecumenical Temple
  9480 | D:7      | Found an oddly glowing altar of Pakellas.
 10040 | D:7      | Reached ** piety under Okawaru
 10085 | D:7      | Reached skill level 11 in Stealth
 10085 | D:7      | Reached XP level 9. HP: 39/39 MP: 7/14
 11187 | D:8      | Reached skill level 5 in Hexes
 11224 | D:8      | Noticed a queen bee
 11237 | D:8      | Noticed Maurice
 11253 | D:8      | Slain by a killer bee

Skill      XL: |  1  2  3  4  5  6  7  8  9 |
---------------+----------------------------+-----
Stealth        | 5 6 8 9 11 | 11.6
Short Blades   | 2 4 5 7 |  7.3
Dodging        | 4 5 6 7 8 9 |  9.2
Shields        | 1 2 3 |  3.0
Hexes          | 4 5 |  5.0
Spellcasting   | |  2.6
Ice Magic      | |  0.2

Action                   |  1- 3 |  4- 6 |  7- 9 || total
-------------------------+-------+-------+-------++-------
Melee: Dagger            |   102 |   232 |   437 ||   771
       Short sword       |     1 |       |       ||     1
       Kick              |       |       |    43 ||    43
Throw: Stone             |       |     8 |     1 ||     9
 Cast: Ensorcelled Hiber |     8 |    28 |    30 ||    66
       Confuse           |       |    13 |    10 ||    23
       Dazzling Spray    |       |       |     2 ||     2
 Abil: Blink             |       |       |     1 ||     1
  Use: Scroll            |     2 |     7 |     9 ||    18
       Potion            |       |     2 |     1 ||     3
 Stab: Sleeping          |    15 |    20 |    32 ||    67
       Distracted        |     1 |     2 |       ||     3
       Confused          |       |     7 |     3 ||    10
  Eat: Bread ration      |       |     1 |     1 ||     2
       Pizza             |       |     1 |       ||     1
       Fruit             |       |       |     3 ||     3
Armor: Robe              |    13 |    22 |    30 ||    65
Dodge: Dodged            |    74 |   190 |   219 ||   483
Block: Buckler           |       |     5 |    87 ||    92
